AoeStats
← 5coinz

Arabia

510224684Analyzed
1v1 RM · 12h ago on Sep 30, 2026· 46m 55s· 2 players
Game mode
Random Map
Map size
Tiny (2 player)
Population
200
Speed
Normal
Resources
Standard
Victory
Conquest
Starting age
Dark Age
Ending age
Imperial Age
RankedLock teamsTeams togetherTeam positionsShared explorationLock speedFull tech treeHidden civsTurbo modeCheats
Victory
Defeat
🇧🇬 Bulgarians · Bulgaria
523
+15
🇨🇱 Celts · Chile
509
-15
Daniel Pepino
0:57 Loom
12:10 Feudal Age
12:37 Man-at-Arms
20:13 Forging
26:38 Scale Barding Armor
28:43 Stone Mining
32:08 Castle Age
32:24 Arson
32:45 Scale Mail Armor
32:36 Gambesons
32:22 Long Swordsman
34:16 Gold Mining
34:23 Pikeman
38:26 Chain Mail Armor
40:14 Iron Casting
41:58 Chain Barding Armor
42:58 Husbandry
5coinz
10:42 Feudal Age
12:19 Wheelbarrow
15:40 Double-Bit Axe
17:40 Forging
20:51 Scale Mail Armor
23:14 Horse Collar
23:51 Scale Barding Armor
23:59 Bloodlines
27:57 Castle Age
30:33 Husbandry
31:21 Iron Casting
31:54 Light Cavalry
33:10 Hand Cart
33:09 Bow Saw
33:03 Heavy Plow
32:33 Pikeman
35:21 Chain Barding Armor
36:03 Squires
36:41 Chain Mail Armor
36:38 Murder Holes
45:11 Imperial Age
45:34 Redemption
46:16 Halberdier
Connection lost

Rejoining the realm…

Still unreachable

The connection could not be restored.

Session expired

The server has moved on; the page needs a fresh start.